 Dungeon Crawl Stone Soup version 0.25.0-1-g7eea58d2a3 (webtiles) character file.

Game seed: 15624174926281602173

66715 mortelune the Warrior (level 15, -5/103 HPs)
             Began as a Gargoyle Fighter on June 14, 2020.
             Was the Champion of Okawaru.
             Killed by divine providence
             ... invoked by an orc priest
              (9 damage)
             ... on level 12 of the Dungeon.
             The game lasted 00:42:38 (21861 turns).

mortelune the Warrior (Gargoyle Fighter)           Turns: 21861, Time: 00:42:38

Health: -5/103     AC: 32    Str: 28    XL:     15   Next: 20%
Magic:  20/21      EV: 19    Int: 14    God:    Okawaru [******]
Gold:   782        SH:  0    Dex:  7    Spells: 14/14 levels left

rFire    + + .     SeeInvis .   U - +2 executioner's axe (freeze)
rCold    + + .     Gourm    .   (shield currently unavailable)
rNeg     + . .     Faith    .   G - +4 ring mail of Ingaxe {rF+ rC++ Str-2}
rPois    ∞         Spirit   .   D - +0 helmet
rElec    +         Reflect  .   (no cloak)
rCorr    .         Harm     .   H - +0 pair of gloves "Ycuoryim" {rF+ Int+3}
MR       +....                  g - +2 pair of boots {Stlth+}
Stlth    ++........             R - amulet of regeneration
HPRegen  0.67/turn              Q - +4 ring of evasion
MPRegen  0.17/turn              C - +6 ring of strength

@: heroism, flying, studying Fighting
A: big wings, repulsion field 1, clumsy 1, negative energy resistance 1, sense
surroundings 1, screaming 1, electricity resistance, unbreathing, petrification
resistance, rot immunity, AC +11
a: Stop Flying, Heroism, Finesse, Renounce Religion


You were on level 12 of the Dungeon.
You worshipped Okawaru.
Okawaru was exalted by your worship.
You were not hungry.

You visited 2 branches of the dungeon, and saw 18 of its levels.
You also visited: Bailey.

You collected 1412 gold pieces.
You spent 630 gold pieces at shops.

Inventory:

Hand Weapons
 a - a +1 war axe of flaming
 b - a +0 broad axe
 U - a +2 executioner's axe of freezing (weapon)
Armour
 c - a +1 kite shield
 g - a +2 pair of boots of stealth (worn)
 v - a +0 plate armour
 x - the +0 buckler of Okawaru's Favour {rN+ Slay+2}
   (Okawaru gifted it to you on level 6 of the Lair of Beasts)

   It affects your accuracy and damage with ranged weapons and melee attacks
   (+2).
   It protects you from negative energy.
 D - a +0 helmet (worn)
 G - the +4 ring mail of Ingaxe (worn) {rF+ rC++ Str-2}
   (Okawaru gifted it to you on level 5 of the Lair of Beasts)

   It affects your strength (-2).
   It protects you from fire.
   It greatly protects you from cold.
 H - the +0 pair of gloves "Ycuoryim" (worn) {rF+ Int+3}
   (You acquired it on level 2 of the Lair of Beasts)

   It affects your intelligence (+3).
   It protects you from fire.
Jewellery
 p - a cursed amulet of reflection {unknown}
 C - a +6 ring of strength (right hand)
 L - the ring of the Tarantula {rF++ rC+}
   (You found it on level 6 of the Lair of Beasts)

   [ring of protection from cold]

   It greatly protects you from fire.
   It protects you from cold.
 N - an uncursed ring of positive energy
 Q - a +4 ring of evasion (left hand)
 R - an amulet of regeneration (around neck)
 S - an uncursed ring of see invisible
Wands
 s - a wand of clouds (7)
 u - a wand of flame (32)
 y - a wand of random effects (39)
 A - a wand of polymorph (23)
 M - a wand of acid (25)
 P - a wand of paralysis (1)
Scrolls
 e - 2 scrolls of fear
 f - a scroll of fog
 h - 16 scrolls of remove curse
 i - a scroll of identify
 t - 2 scrolls of teleportation
 w - 2 scrolls of enchant weapon
 z - 2 scrolls of enchant armour
 B - 3 scrolls of blinking
 V - a scroll of amnesia
 W - a scroll of holy word
 Z - 2 scrolls of immolation
Potions
 d - 6 potions of might
 j - 3 potions of brilliance {unknown}
 k - 7 potions of curing
 l - 2 potions of flight
 o - 2 potions of lignification
 q - 3 potions of invisibility {unknown}
 r - 5 potions of ambrosia
 E - a potion of mutation
 J - 3 potions of heal wounds
 K - 2 potions of haste
 O - a potion of resistance
 T - a potion of magic
 Y - a potion of cancellation {unknown}
Books
 I - a manual of Fighting
Miscellaneous
 n - 2 phantom mirrors
Comestibles
 m - 31 rations
 F - 9 chunks of flesh


   Skills:
 + Level 15.4(20.4) Fighting
 + Level 13.9(18.9) Axes
 + Level 15.2(20.2) Armour
 - Level 4.0(9.0) Shields
 + Level 9.2 Invocations


You had 14 spell levels left.
You didn't know any spells.
Your spell library contained the following spells:

 Spells                   Type           Power        Failure   Level  Hunger
 Animate Skeleton         Necr           N/A          34%         1    ##.....
 Freeze                   Ice            #...         34%         1    ##.....
 Pain                     Necr           #...         34%         1    ##.....
 Shock                    Conj/Air       #...         34%         1    ##.....
 Sting                    Tmut/Pois      #...         34%         1    ##.....
 Corpse Rot               Necr/Air       N/A          47%         2    ###....
 Swiftness                Chrm/Air       #.......     47%         2    ###....
 Frozen Ramparts          Ice            #.....       71%         3    ####...
 Gell's Gravitas          Tloc           #.........   71%         3    ####...
 Ozocubu's Armour         Chrm/Ice       #.......     71%         3    ####...
 Recall                   Summ/Tloc      N/A          71%         3    ####...
 Static Discharge         Conj/Air       #.......     71%         3    ####...
 Stone Arrow              Conj/Erth      #.....       71%         3    ####...
 Vampiric Draining        Necr           #.........   71%         3    ####...
 Airstrike                Air            #.........   98%         4    #####..
 Animate Dead             Necr           N/A          98%         4    #####..
 Hailstorm                Conj/Ice       #.......     98%         4    #####..
 Leda's Liquefaction      Hex/Erth       #.........   98%         4    #####..
 Passage of Golubria      Tloc           N/A          98%         4    #####..
 Summon Ice Beast         Ice/Summ       #.......     98%         4    #####..
 Agony                    Necr           #.......     100%        5    ######.
 Bolt of Magma            Conj/Fire/Erth #.........   100%        5    ######.
 Borgnjor's Vile Clutch   Necr/Erth      #.........   100%        5    ######.
 Lightning Bolt           Conj/Air       #.........   100%        5    ######.
 Summon Forest            Summ/Tloc      #.........   100%        5    ######.
 Death Channel            Necr           #.........   100%        6    #######
 Eringya's Noxious Bog    Tmut/Pois      #.........   100%        6    #######
 Hydra Form               Tmut           #.........   100%        6    #######
 Iron Shot                Conj/Erth      #.........   100%        6    #######
 Simulacrum               Ice/Necr       #.........   100%        6    #######
 Malign Gateway           Summ/Tloc      #.........   100%        7    #######
 Monstrous Menagerie      Summ           #.........   100%        7    #######
 Summon Greater Demon     Summ           #.........   100%        7    #######
 Summon Hydra             Summ           #.........   100%        7    #######
 Summon Horrible Things   Summ           #.........   100%        8    #######
 Shatter                  Erth           #.........   100%        9    #######
 Statue Form              Tmut/Erth      Unusable     N/A         6    N/A

Dungeon Overview and Level Annotations

Branches:
Dungeon (12/15)            Temple (0/1) D:6            Lair (6/6) D:10
  Swamp (0/4) Lair:3        Snake (0/4) Lair:3        Slime (0/5) Lair:6
    Orc (0/2) D:12         Bailey (visited)

Altars:
Gozag
Hepliaklqana
Kikubaaqudgha
Makhleb
Okawaru
Qazlal
Ru
Uskayaw
Vehumet
Yredelemnul
Zin
The Shining One
Jiyva

Shops:
D:8 !

Annotations:
D:7 2 transporters, sanka's ghost, novice DrFE
D:11 3 runed translucent doors, NoobNation's ghost, journeyman GrFi
Lair:1 exclusion: 2 oklob plants


Innate Abilities, Weirdness & Mutations

You are resistant to torment.
Your stone body is resilient. (AC +11)
You are immune to poison.
Your large and strong wings let you fly indefinitely.
You resist negative energy. (rN+)
You are resistant to electric shocks. (rElec)
You can survive without breathing.
You are immune to petrification.
You are immune to rotting.
You are surrounded by a mild repulsion field. (EV +2)
You are clumsy. (Dex -2)
You passively map a small area around you.
You occasionally shout uncontrollably at your foes.


Message History

The orc warrior is almost dead.
You slice the orc warrior!! You freeze the orc warrior.
You kill the orc warrior!
Okawaru accepts your kill.
The orc priest casts a cantrip, but nothing happens.
You closely miss the orc. The orc misses you. The orc completely misses you.
You closely miss the orc. The orc completely misses you.
The orc barely misses you.
The orc priest calls down the wrath of Beogh upon you.
Beogh smites you!
* * * LOW HITPOINT WARNING * * *
The orc hits you but does no damage.
The orc priest casts a cantrip, but nothing happens.
The orc jeers loudly, in orcish tradition.
The orc priest calls down the wrath of Beogh upon you.
Beogh smites you!
* * * LOW HITPOINT WARNING * * *
The orc priest mumbles some strange prayers to Beogh against you.
Beogh smites you!
You die...

** ,, ... * '* * #.# *
#.# * * #.# ' ## #.# ...
#.# , ...., #.# o....
###.#########ooo...
#######......).)@)ooooo..
........÷##########ooo...
########.# ###'# #)# ,
#.# * #.# ##'### .#
#....### ###.## #....'>##
#....#


You could see 2 orc priests and 9 orcs.

Vanquished Creatures
  6 dire elephants (Lair:6)
  Snorg (D:10)
  Josephine (D:12)
  Erolcha (D:10)
  Fannar (D:10)
  7 hydras
  An anaconda (Lair:6)
  A centaur warrior (D:9)
  An ogre mage (D:11)
  A two-headed ogre (D:12)
  A death knight (D:11)
  A wizard (D:11)
  Pikel (D:9)
  An orc knight (D:11)
  A cyclops (D:11)
  An orc sorcerer (D:11)
  10 elephants
  4 black mambas
  Maurice (D:9)
  Joseph (D:10)
  Maggie (D:7)
  7 spiny frogs
  2 rime drakes
  9 komodo dragons
  5 polar bears
  A hornet (D:9)
  8 hippogriffs
  16 blink frogs
  A meliai zombie (D:10)
  A slime creature (D:11)
  6 dream sheep (Lair:4)
  4 wraiths
  3 wyverns
  73 yaks
  4 hungry ghosts
  A basilisk (Lair:6)
  A steam dragon (D:11)
  A warg (Lair:3)
  Menkaure (D:4)
  11 water moccasins
  A soldier ant (D:12)
  9 porcupines
  18 orc warriors
  4 ice beasts
  An eye of draining (D:9)
  A slave (D:9)
  2 sky beasts
  A black bear (Lair:1)
  6 ogres
  4 phantoms
  13 centaurs
  34 wolves
  9 crocodiles
  2 big kobolds (D:12)
  11 bullfrogs
  A gnoll sergeant (D:9)
  4 scorpions
  5 wights (D:4)
  2 electric eels (Lair:1)
  8 howler monkeys
  2 centaur zombies
  5 crimson imps
  5 jellies
  7 hounds
  5 orc priests
  2 centaur skeletons
  A quasit (D:9)
  5 bullfrog skeletons
  4 iguanas
  A worker ant (shapeshifter) (D:9)
  11 orc wizards
  10 worker ants
  A hound zombie (D:8)
  A worker ant zombie (D:10)
  13 gnolls
  10 adders
  4 shadow imps
  8 oozes
  2 adder skeletons
  4 worms
  3 dart slugs
  8 leopard geckos
  62 orcs
  11 giant cockroaches
  22 hobgoblins
  16 jackals
  24 kobolds
  A quokka (D:10)
  A ball python (D:1)
  10 bats
  14 frilled lizards
  34 goblins
  A jackal skeleton (D:6)
  A jackal zombie (D:9)
  A quokka skeleton (D:4)
  12 rats
  5 fungi
  4 plants (Lair:6)
666 creatures vanquished.

Vanquished Creatures (others)
  2 slaves (D:9)
  A bush (D:10)
  10 fungi
  28 plants
41 creatures vanquished.

Grand Total: 707 creatures vanquished

Notes
Turn   | Place    | Note
-------+----------+-------------------------------------------
     0 | D:1      | mortelune the Gargoyle Fighter began the quest for the Orb.
     0 | D:1      | Reached XP level 1. HP: 14/14 MP: 1/1
   100 | D:1      | Reached XP level 2. HP: 15/19 MP: 2/2
   537 | D:1      | Reached XP level 3. HP: 23/23 MP: 3/3
   994 | D:2      | Reached XP level 4. HP: 26/29 MP: 4/4
  1738 | D:2      | Reached XP level 5. HP: 20/33 MP: 5/5
  2048 | D:3      | Found a glowing golden altar of the Shining One.
  2066 | D:3      | Found a sacrificial altar of Ru.
  2068 | D:3      | Found a burning altar of Makhleb.
  2072 | D:3      | Found a stormy altar of Qazlal.
  2073 | D:3      | Found a hide-covered altar of Uskayaw.
  2139 | D:3      | Noticed an ogre
  2631 | D:3      | Killed an ogre
  2631 | D:3      | Reached XP level 6. HP: 35/39 MP: 6/6
  3119 | D:4      | Found an iron altar of Okawaru.
  3155 | D:4      | Reached skill level 5 in Fighting
  3205 | D:4      | Reached skill level 5 in Armour
  3256 | D:4      | Noticed Menkaure
  3523 | D:5      | Entered Level 5 of the Dungeon
  3550 | D:5      | Reached XP level 7. HP: 39/44 MP: 7/7
  3626 | D:5      | Reached skill level 5 in Axes
  3882 | D:5      | Identified the ring of Naerph {Str+4 Stlth+}
  4743 | D:6      | Found a staircase to the Ecumenical Temple.
  4871 | D:6      | Found a basalt altar of Yredelemnul.
  4874 | D:6      | Found an opulent altar of Gozag.
  4975 | D:6      | Reached XP level 8. HP: 51/51 MP: 8/8
  4992 | D:6      | Found a radiant altar of Vehumet.
  6191 | D:7      | Found a flagged portal.
  6199 | Bailey   | Entered a bailey
  6515 | Bailey   | Reached XP level 9. HP: 18/56 MP: 9/9
  7892 | Bailey   | Noticed an orc warlord
  8189 | D:7      | Found a hazy altar of Hepliaklqana.
  8213 | D:7      | Found a glowing silver altar of Zin.
  8330 | D:7      | Noticed a hornet
  8341 | D:7      | Found a transporter.
  8345 | D:7      | Found a transporter.
  8345 | D:7      | Noticed sanka's ghost (novice DrFE)
  8347 | D:7      | Noticed a queen bee
  8431 | D:7      | Noticed Maggie
  8445 | D:7      | Killed Maggie
  8549 | D:7      | Reached XP level 10. HP: 65/65 MP: 10/10
  9030 | D:4      | Killed Menkaure
  9189 | D:4      | Became a worshipper of Warmaster Okawaru
  9291 | D:8      | Found Veiseseval's Distillery.
  9299 | D:8      | Bought a potion of curing for 42 gold pieces
  9299 | D:8      | Bought a potion of haste for 140 gold pieces
  9299 | D:8      | Bought a potion of resistance for 140 gold pieces
  9312 | D:7      | Identified a scroll of acquirement
  9765 | D:8      | Reached skill level 10 in Fighting
  9765 | D:8      | Reached skill level 10 in Axes
  9765 | D:8      | Reached skill level 10 in Armour
  9765 | D:8      | Reached XP level 11. HP: 73/73 MP: 11/11
  9766 | D:8      | Gained mutation: Scrolls take you a little longer to read.
                  | [potion of mutation]
  9766 | D:8      | Gained mutation: Your skin changes colour to match your
                  | surroundings (Stealth+). [potion of mutation]
  9766 | D:8      | Gained mutation: You are surrounded by a mild repulsion
                  | field. (EV +2) [potion of mutation]
  9833 | D:9      | Noticed a centaur warrior
  9851 | D:9      | Killed a centaur warrior
  9851 | D:9      | Reached * piety under Okawaru
  9947 | D:9      | You fall into a shaft and drop 2 floors!
 10008 | D:11     | Reached ** piety under Okawaru
 10106 | D:11     | Noticed an ogre mage
 10111 | D:11     | Killed an ogre mage
 10146 | D:11     | Noticed a death knight
 10172 | D:11     | Killed a death knight
 10542 | D:11     | Noticed a cyclops
 10546 | D:11     | Noticed a wizard
 10553 | D:11     | Killed a cyclops
 10553 | D:11     | Reached *** piety under Okawaru
 10558 | D:11     | Killed a wizard
 10558 | D:11     | Reached XP level 12. HP: 67/81 MP: 12/12
 10682 | D:11     | Found a runed translucent gate.
 10683 | D:11     | Found a runed translucent gate.
 10684 | D:11     | Found a runed translucent gate.
 11215 | D:11     | Noticed NoobNation's ghost (journeyman GrFi)
 11572 | D:10     | Entered Level 10 of the Dungeon
 11572 | D:10     | Noticed Snorg
 11596 | D:10     | Reached **** piety under Okawaru
 11613 | D:10     | Noticed Fannar
 11627 | D:10     | Killed Fannar
 11887 | D:10     | Identified the Papyrus of Dislocation and Poison
 11903 | D:10     | Killed Snorg
 11929 | D:10     | Found a staircase to the Lair.
 12094 | D:10     | Noticed Joseph
 12115 | D:10     | Killed Joseph
 12118 | D:10     | Reached ***** piety under Okawaru
 12281 | D:10     | Noticed Erolcha
 12289 | D:10     | Killed Erolcha
 12364 | D:10     | Reached skill level 1 in Invocations
 12736 | D:9      | Noticed Pikel
 12751 | D:9      | Killed Pikel
 12910 | D:9      | Noticed a six-headed hydra
 12922 | D:9      | Killed a one-headed hydra
 12922 | D:9      | Reached XP level 13. HP: 77/88 MP: 12/14
 13341 | D:9      | Found an ancient bone altar of Kikubaaqudgha.
 13341 | D:9      | Noticed Maurice
 13344 | D:9      | Paralysed by Maurice for 3 turns
 13351 | D:9      | Killed Maurice
 13672 | D:8      | Bought a potion of curing for 42 gold pieces
 13672 | D:8      | Bought a potion of curing for 42 gold pieces
 13672 | D:8      | Bought a potion of mutation for 112 gold pieces
 13672 | D:8      | Bought a potion of magic for 112 gold pieces
 13747 | Lair:1   | Entered Level 1 of the Lair of Beasts
 14312 | Lair:1   | Received a gift from Okawaru
 14315 | Lair:1   | Got a jewelled scale mail {god gift}
 14383 | Lair:1   | Identified the +3 scale mail of the Albatross {+Inv rElec
                  | MR-} (Okawaru gifted it to you on level 1 of the Lair of
                  | Beasts)
 14555 | Lair:1   | You fall into a shaft and drop 1 floor!
 14840 | Lair:1   | You fall into a shaft and drop 1 floor!
 15270 | Lair:2   | Lost mutation: Scrolls take you a little longer to read.
                  | [potion of mutation]
 15270 | Lair:2   | Lost mutation: Your skin changes colour to match your
                  | surroundings (Stealth+). [potion of mutation]
 15270 | Lair:2   | Gained mutation: You occasionally shout uncontrollably at
                  | your foes. [potion of mutation]
 15270 | Lair:2   | Gained mutation: You are clumsy. (Dex -2) [potion of
                  | mutation]
 15270 | Lair:2   | Gained mutation: You passively map a small area around you.
                  | [potion of mutation]
 15581 | Lair:2   | Got the +0 pair of gloves "Ycuoryim" {rF+ Int+3}
 15981 | Lair:3   | Reached skill level 5 in Invocations
 16035 | Lair:3   | Found a staircase to the Snake Pit.
 16311 | Lair:3   | Found a staircase to the Swamp.
 16633 | Lair:3   | Reached ****** piety under Okawaru
 17101 | Lair:4   | Received a gift from Okawaru
 17652 | Lair:5   | Gained mutation: Your large and strong wings let you fly
                  | indefinitely. [Gargoyle growth]
 17652 | Lair:5   | Reached XP level 14. HP: 96/96 MP: 18/18
 18578 | Lair:5   | Received a gift from Okawaru
 18584 | Lair:5   | Got a blackened ring mail {god gift}
 18595 | Lair:5   | Identified the +4 ring mail of Ingaxe {rF+ rC++ Str-2}
                  | (Okawaru gifted it to you on level 5 of the Lair of Beasts)
 18950 | Lair:6   | Entered Level 6 of the Lair of Beasts
 19087 | Lair:6   | Found a staircase to the Slime Pits.
 19221 | Lair:6   | Found a viscous altar of Jiyva.
 20249 | Lair:6   | Received a gift from Okawaru
 20261 | Lair:6   | Got a polished buckler {god gift}
 20272 | Lair:6   | Identified the +0 buckler of Okawaru's Favour {rN+ Slay+2}
                  | (Okawaru gifted it to you on level 6 of the Lair of Beasts)
 20370 | Lair:6   | Noticed a dire elephant
 20426 | Lair:6   | Noticed a dire elephant
 20426 | Lair:6   | Noticed a dire elephant
 20451 | Lair:6   | Killed a dire elephant
 20451 | Lair:6   | Reached skill level 15 in Armour
 20451 | Lair:6   | Killed a dire elephant
 20559 | Lair:6   | Got a bound ivory ring
 20562 | Lair:6   | Identified the ring of the Tarantula {rF++ rC+} (You found
                  | it on level 6 of the Lair of Beasts)
 20694 | Lair:6   | Noticed a dire elephant
 20714 | Lair:6   | Killed a dire elephant
 20714 | Lair:6   | Reached skill level 15 in Fighting
 20714 | Lair:6   | Reached XP level 15. HP: 32/103 MP: 21/21
 21734 | D:12     | Found a staircase to the Orcish Mines.
 21765 | D:12     | Noticed Josephine
 21772 | D:12     | Killed Josephine
 21861 | D:12     | HP: 4/103 [orc priest/divine providence (12)]
 21861 | D:12     | Killed from afar by an orc priest

Illustrated notes

Levels and vault maps discovered:
D:1:      dpeg_arrival_stone_temple_mockup, layout_basic
D:2:      layout_rooms, kennysheep_big_empty_room
D:3:      minmay_chambers_of_threes, layout_rooms, minitemple,
          kennysheep_decorative_pillar, minmay_lizard_king
D:4:      layout_rooms, okawaru_trees_2, uniq_menkaure
D:5:      layout_rooms, first_ration
D:6:      layout_loops_corners, lemuel_coloured_pillars_altar,
          nicolae_overflow_hidden_temple, minmay_temple_entry_offerings
D:7:      layout_loops_ring, kennysheep_little_box, old_standard_altar,
          enter_bailey_3, gammafunk_ghost_hive, uniq_maggie
D:8:      layout_rooms, serial_shops, shop
D:9:      hangedman_cross_cluster, layout_basic, lemuel_round_altar,
          uniq_maurice, uniq_pikel
D:10:     layout_basic, minmay_lair_entry_grove, eino_curves_02, uniq_snorg,
          uniq_fannar, uniq_erolcha, uniq_joseph
D:11:     layout_cave_pods, gammafunk_ghost_spectres,
          hangedman_little_slice_of_home, minmay_the_grid_2x2
          [minmay_the_grid_armoury, minmay_the_grid_stretched_grid,
          minmay_the_grid_all_tris, minmay_the_grid_prize_trominoes]
D:12:     layout_roguey [special_room_orc], orc_0_dummy, uniq_josephine
Lair:1:   layout_roguey, st_stairs_3, grunt_forest_small_clearings,
          nicolae_quartered_pool_super, hibernation_bobbens,
          minmay_lair_oklob_chamber
Lair:2:   layout_chaotic_city, grunt_megastairs_4
Lair:3:   beast_lair_carwin_large_2, layout_regular_city, swamp_mist,
          dummy_snake_entry, nicolae_lair_grove_arrangements,
          chequers_serial_rivers_marsh
Lair:4:   layout_loops_ring, lemuel_old_faithful
Lair:5:   layout_cave_pods, infiniplex_staircase_pool_2
Lair:6:   due_jungle_book, layout_cellular_growth, slime_altar_1,
          cheibrodos_lair_lostbears, grunt_megastairs_3, lemuel_fruit_fields

Skill      XL: |  1  2  3  4  5  6  7  8  9 10 11 12 13 14 15 |
---------------+----------------------------------------------+-----
Axes           | 2 3 4 5 7 8 10 11 12 13 | 13.9
Fighting       | 4 5 6 8 10 11 13 14 15 | 15.4
Armour         | 4 5 6 8 10 11 13 14 15 | 15.2
Invocations    | 2 6 8 9 |  9.2
Shields        | 4 |  4.0

Action                   |  1- 3 |  4- 6 |  7- 9 | 10-12 | 13-15 || total
-------------------------+-------+-------+-------+-------+-------++-------
Melee: War axe           |   104 |   297 |   480 |   546 |   428 ||  1855
       Broad axe         |       |       |       |       |   126 ||   126
       Executioner's axe |       |       |       |       |   377 ||   377
Invok: Heroism           |       |       |       |     6 |     5 ||    11
       Finesse           |       |       |       |       |     1 ||     1
 Abil: Fly               |       |       |       |       |     1 ||     1
Evoke: Wand              |       |       |     3 |       |     3 ||     6
  Use: Scroll            |       |     3 |     7 |     7 |    10 ||    27
       Potion            |       |       |     5 |     2 |     4 ||    11
  Eat: Chunk             |       |     9 |    13 |    13 |    33 ||    68
       Ration            |       |       |     2 |       |       ||     2
Armor: Scale mail        |    57 |   179 |    59 |       |       ||   295
       Plate armour      |       |       |   179 |   277 |   317 ||   773
       Ring mail         |       |       |       |       |   293 ||   293
Dodge: Dodged            |    23 |   109 |    83 |   202 |   680 ||  1097
Block: Kite shield       |    69 |   166 |   205 |   283 |   257 ||   980
       Buckler           |       |       |       |       |     6 ||     6
